 Dungeon Crawl Stone Soup version 0.23.2-40-g277498a001 (webtiles) character file.

Game seed: 2362945600548588160

6483 Exodus22XD the Thaumaturge (level 10, -12/50 HPs)
             Began as a Deep Elf Wizard on Sept 20, 2019.
             Was a Believer of Kikubaaqudgha.
             Killed from afar by Erolcha (62 damage)
             ... with a crystal spear
             ... on level 9 of the Dungeon.
             The game lasted 00:54:44 (12576 turns).

Exodus22XD the Thaumaturge (Deep Elf Wizard)       Turns: 12576, Time: 00:54:51

Health: -12/50     AC:  3    Str:  4    XL:     10   Next: 68%
Magic:  26/26      EV: 13    Int: 31    God:    Kikubaaqudgha [**....]
Gold:   573        SH:  0    Dex: 13    Spells: 6/30 levels left

rFire    . . .     SeeInvis .   x - staff of energy
rCold    . . .     Gourm    .   (no shield)
rNeg     . . .     Faith    .   a - +0 robe
rPois    .         Spirit   .   b - +0 hat
rElec    .         Reflect  .   q - +0 cloak
rCorr    .         Harm     .   (no gloves)
MR       +....                  (no boots)
Stlth    ++........             (no amulet)
HPRegen  0.16/turn              f - +4 ring of intelligence
MPRegen  0.20/turn              (no ring)

@: no status effects
A: no striking features
a: Receive Corpses, Renounce Religion


You were on level 9 of the Dungeon.
You worshipped Kikubaaqudgha.
Kikubaaqudgha was pleased with you.
You were not hungry.

You visited 2 branches of the dungeon, and saw 10 of its levels.

You collected 573 gold pieces.

Inventory:

Hand Weapons
 c - a +3 spear
Armour
 a - a +0 robe (worn)
 b - a +0 hat (worn)
 q - a +0 cloak (worn)
Magical Staves
 x - an uncursed staff of energy (weapon)
Jewellery
 f - a +4 ring of intelligence (left hand)
 E - a +2 ring of strength
Wands
 w - a wand of flame (20)
 y - a wand of acid (11)
 z - a wand of clouds (4)
 D - a wand of paralysis (8)
Scrolls
 e - 2 scrolls of enchant weapon
 i - a scroll of fear {unknown}
 j - 2 scrolls of blinking
 k - 5 scrolls of remove curse
 l - 5 scrolls of teleportation
 m - 2 scrolls of amnesia {unknown}
 n - a scroll of fog {unknown}
 p - 3 scrolls of magic mapping {unknown}
 s - 3 scrolls of immolation {unknown}
 B - a scroll of enchant armour {unknown}
Potions
 g - 2 potions of haste
 h - a potion of brilliance {unknown}
 r - a potion of berserk rage {unknown}
 t - a potion of degeneration {unknown}
 u - a potion of agility {unknown}
 v - 4 potions of flight
 A - a potion of curing {unknown}
 C - 3 potions of mutation {unknown}
Comestibles
 d - 17 rations


   Skills:
 - Level 2.4 Dodging
 - Level 2.4 Stealth
 - Level 10.8 Spellcasting
 - Level 8.1 Conjurations
 - Level 4.2 Summonings
 - Level 8.5 Necromancy
 - Level 1.1 Translocations
 * Level 9.3 Air Magic


You had 6 spell levels left.
You knew the following spells:

 Your Spells              Type           Power        Failure   Level  Hunger
a - Magic Dart            Conj           ####         1%          1    None
b - Call Imp              Summ           #####...     1%          2    None
c - Blink                 Tloc           N/A          3%          2    None
d - Conjure Flame         Conj/Fire      #####...     1%          3    None
e - Mephitic Cloud        Conj/Pois/Air  ######..     1%          3    None
f - Animate Dead          Necr           N/A          1%          4    None
g - Lightning Bolt        Conj/Air       ######....   2%          5    None
h - Airstrike             Air            ######....   1%          4    None

Your spell library contained the following spells:

 Spells                   Type           Power        Failure   Level  Hunger
 Animate Skeleton         Necr           N/A          1%          1    None
 Pain                     Necr           ####         1%          1    None
 Shock                    Conj/Air       ####         1%          1    None
 Sublimation of Blood     Necr           ######....   1%          2    None
 Swiftness                Chrm/Air       #####...     1%          2    None
 Regeneration             Chrm/Necr      #####.....   1%          3    None
 Static Discharge         Conj/Air       ######..     1%          3    None
 Vampiric Draining        Necr           ######....   1%          3    None
 Slow                     Hex            ###.....     4%          2    None


Dungeon Overview and Level Annotations

Branches:
Dungeon (9/15)             Temple (1/1) D:5             Orc (0/2) D:9
   Lair: D:8-11

Altars:
Ashenzari
Cheibriados
Dithmenos
Elyvilon
Fedhas
Gozag
Hepliaklqana
Kikubaaqudgha
Makhleb
Nemelex Xobeh
Okawaru
Qazlal
Ru
Sif Muna
Trog
Uskayaw
Vehumet
Wu Jian
Xom
Yredelemnul
Zin
The Shining One

Shops:
D:6 !:[   D:9 =

Annotations:
D:5 2 runed translucent doors
D:6 1 runed translucent door, raetorn's ghost, amateur DrTm
D:9 exclusion: fire crab, Erolcha


Message History

There is a fountain of clear blue water here.
There is an open door here.
Found a robe.
You see here a robe.
You see here a robe.
You are starving!
You need to eat something NOW!
You eat one of the 18 rations.
That ration really hit the spot!
You open the door.
There is an open door here.
Found a stone staircase leading down.
p - 3 scrolls labeled JAGOMO QEEMN (gained 1)
You open the door.
A scorpion and Erolcha come into view.
Erolcha shouts!
Erolcha points at you and mumbles some strange words.
The crystal spear hits you!!!
Ouch! That really hurt!
You die...
Kikubaaqudgha rasps: "You have failed me!
Welcome... death!"

.....# .....# #s
.....# #. .....##.. #.
#######.. #. # #.. #.
#######.# #O #.....#.#
####'###### #.....#.#
#....@....#
#.....#.####.........#
#.....#..............#
......'.####....>....#
......#.# ###########
......#.# ......#.#
......#.## ......∩.∩#


You could see Erolcha and a scorpion.

Vanquished Creatures
  A hydra (D:9)
  A fire crab (shapeshifter) (D:9)
  A deep elf archer (D:9)
  A komodo dragon (D:9)
  A troll (D:9)
  2 hippogriffs (D:8)
  2 wraiths (D:7)
  Duvessa (D:5)
  An orc warrior (D:7)
  3 phantoms
  3 sky beasts
  5 ogres
  3 centaurs
  4 bullfrogs
  A gnoll sergeant (D:5)
  Dowan (D:5)
  6 scorpions
  A troll zombie (D:7)
  6 killer bees (D:8)
  2 wights (D:7)
  A bullfrog zombie (D:8)
  2 howler monkeys
  A crimson imp (D:7)
  4 hounds
  4 human zombies (D:7)
  3 jellies (D:6)
  3 orc priests
  2 bullfrog skeletons (D:7)
  A centaur skeleton (D:4)
  3 orc wizards
  A human skeleton (D:7)
  6 worker ants
  A hound zombie (D:7)
  A hound skeleton (D:6)
  2 mummies (D:7)
  4 gnolls
  5 adders
  2 shadow imps
  2 oozes (D:4)
  An adder zombie (D:7)
  4 worms
  2 dart slugs (D:2)
  5 leopard geckos
  22 orcs
  9 bats
  3 giant cockroaches
  10 goblins
  7 hobgoblins
  6 jackals
  7 quokkas
  A ball python (D:2)
  4 frilled lizards
  36 kobolds
  2 quokka skeletons
  16 rats
229 creatures vanquished.

Vanquished Creatures (collateral kills)
  A phantom (D:4)
  4 big kobolds
  A crimson imp (D:5)
  A gnoll (D:3)
  A dart slug (D:3)
  An orc (D:6)
  9 kobolds (D:3)
18 creatures vanquished.

Grand Total: 247 creatures vanquished

Notes
Turn   | Place    | Note
-------+----------+-------------------------------------------
     0 | D:1      | Exodus22XD the Deep Elf Wizard began the quest for the Orb.
     0 | D:1      | Reached XP level 1. HP: 10/10 MP: 7/7
   222 | D:1      | Reached XP level 2. HP: 15/15 MP: 6/9
   982 | D:1      | Reached XP level 3. HP: 19/19 MP: 8/10
  2022 | D:3      | Reached XP level 4. HP: 24/24 MP: 9/12
  2085 | D:2      | Learned a level 2 spell: Call Imp
  2088 | D:2      | Learned a level 2 spell: Blink
  2092 | D:2      | Learned a level 3 spell: Conjure Flame
  2096 | D:2      | Learned a level 3 spell: Mephitic Cloud
  2707 | D:3      | Noticed a big kobold
  2766 | D:2      | Killed a big kobold
  2766 | D:2      | Reached XP level 5. HP: 20/28 MP: 2/13
  3067 | D:3      | Reached skill level 5 in Spellcasting
  3067 | D:3      | Reached XP level 6. HP: 21/32 MP: 0/15
  3889 | D:4      | Reached skill level 6 in Spellcasting
  4069 | D:4      | Reached skill level 7 in Spellcasting
  4089 | D:4      | Found an iron altar of Okawaru.
  4275 | D:4      | Reached XP level 7. HP: 33/36 MP: 15/19
  4842 | D:5      | Entered Level 5 of the Dungeon
  4853 | D:5      | Reached skill level 8 in Spellcasting
  5061 | D:5      | Noticed Dowan
  5063 | D:5      | Noticed Duvessa
  5070 | D:5      | Killed Duvessa
  5070 | D:5      | Reached skill level 9 in Spellcasting
  5074 | D:5      | Killed Dowan
  5103 | D:5      | Reached skill level 10 in Spellcasting
  5224 | D:5      | Identified the +8 war axe of Ostias {freeze, Dex+4}
  5496 | D:5      | Found a staircase to the Ecumenical Temple.
  5512 | Temple   | Entered the Ecumenical Temple
  5722 | D:5      | Reached XP level 8. HP: 39/41 MP: 10/24
  5933 | D:5      | Reached skill level 5 in Conjurations
  6512 | D:5      | Found a runed translucent door.
  6513 | D:5      | Found a runed translucent door.
  6664 | D:6      | Found an ancient bone altar of Kikubaaqudgha.
  6668 | D:6      | Became a worshipper of Kikubaaqudgha
  7152 | D:6      | Found a runed translucent door.
  7218 | D:6      | Noticed raetorn's ghost (amateur DrTm)
  7573 | D:6      | Found a shadowy altar of Dithmenos.
  7611 | D:6      | Reached skill level 1 in Necromancy
  7938 | D:6      | Reached XP level 9. HP: 45/45 MP: 14/25
  8024 | D:6      | Found Vuasm's Distillery.
  8025 | D:6      | Found Xekhisal's Magic Scroll Boutique.
  8025 | D:6      | Found Jiesh's Book Boutique.
  8033 | D:6      | Found Oddap's Antique Armour Boutique.
  8437 | D:7      | Learned a level 4 spell: Animate Dead
  8521 | D:7      | Reached skill level 5 in Necromancy
  9129 | D:7      | Found a bloodstained altar of Trog.
  9142 | D:7      | Reached * piety under Kikubaaqudgha
  9142 | D:7      | Identified Kikubaaqudgha's Papyrus of Unholy Rituals
                  | (Kikubaaqudgha gifted it to you on level 7 of the Dungeon)
  9142 | D:7      | Received a gift from Kikubaaqudgha
  9550 | D:7      | Learned a level 5 spell: Lightning Bolt
  9622 | D:7      | Found a hide-covered altar of Uskayaw.
 10064 | D:7      | Found a basalt altar of Yredelemnul.
 10545 | D:8      | Reached ** piety under Kikubaaqudgha
 10932 | D:8      | Reached skill level 5 in Air Magic
 10932 | D:8      | Reached XP level 10. HP: 49/50 MP: 17/26
 11082 | D:8      | Found a deep blue altar of Sif Muna.
 11739 | D:9      | Learned a level 4 spell: Airstrike
 11763 | D:9      | Found a radiant altar of Vehumet.
 11763 | D:9      | Found an ornate altar of the Wu Jian Council.
 11763 | D:9      | Noticed a seven-headed hydra
 11774 | D:9      | Killed a seven-headed hydra
 11794 | D:9      | Noticed a deep elf archer
 11811 | D:9      | Found a staircase to the Orcish Mines.
 12114 | D:9      | Killed a deep elf archer
 12248 | D:9      | Noticed a fire crab
 12259 | D:9      | Killed a fire crab
 12398 | D:9      | Found Xemmafihyw's Jewellery Boutique.
 12409 | D:9      | Found a sacrificial altar of Ru.
 12409 | D:9      | Found a radiant altar of Vehumet.
 12576 | D:9      | Noticed Erolcha
 12576 | D:9      | Killed from afar by Erolcha

Skill      XL: |  1  2  3  4  5  6  7  8  9 10 |
---------------+-------------------------------+-----
Conjurations   | 2 3 4 8 |  8.1
Summonings     | 3 4 |  4.2
Spellcasting   | 5 7 10 | 10.8
Necromancy     | 3 8 |  8.5
Air Magic      | 5 9 |  9.3
Dodging        | |  2.4
Stealth        | |  2.4
Translocations | |  1.1

Action                   |  1- 3 |  4- 6 |  7- 9 | 10-12 || total
-------------------------+-------+-------+-------+-------++-------
Melee: Unarmed           |     6 |       |       |       ||     6
       Spear             |       |    30 |    15 |       ||    45
       Staff             |       |       |     1 |       ||     1
 Cast: Magic Dart        |    95 |   128 |   388 |    42 ||   653
       Call Imp          |       |    13 |    30 |     4 ||    47
       Mephitic Cloud    |       |     4 |    19 |     7 ||    30
       Conjure Flame     |       |     5 |    47 |     9 ||    61
       Blink             |       |       |     8 |     1 ||     9
       Animate Dead      |       |       |     3 |     1 ||     4
       Lightning Bolt    |       |       |     2 |     5 ||     7
       Airstrike         |       |       |       |     6 ||     6
  Use: Scroll            |       |       |     5 |     1 ||     6
       Potion            |       |       |     2 |     1 ||     3
 Stab: Confused          |       |     1 |     3 |       ||     4
  Eat: Chunk             |     3 |     7 |    20 |     3 ||    33
       Ration            |       |       |       |     1 ||     1
Armor: Robe              |     4 |     7 |    12 |       ||    23
Dodge: Dodged            |    18 |    46 |    65 |     7 ||   136
